 Dungeon Crawl Stone Soup version 0.31-a0-365-gcf821cafb2 (webtiles) character file.

Game seed: 11788667031931793186

13260 mdonais the Soothsayer (level 12, -5/80 HPs)
             Began as an Octopode Reaver on July 28, 2023.
             Was a Priest of Nemelex Xobeh.
             Killed from afar by a rime drake (35 damage)
             ... with an icy flash freeze
             ... on level 1 of the Lair of Beasts.
             The game lasted 00:54:54 (14042 turns).

mdonais the Soothsayer (Octopode Reaver)           Turns: 14042, Time: 00:54:54

Health: -5/80      AC:  1    Str: 11    XL:     12   Next: 4%
Magic:  19/19      EV: 15    Int: 16    God:    Nemelex Xobeh [***...]
Gold:   642        SH:  0    Dex: 15    Spells: 8/15 levels left

rFire   . .          .
                       - Unarmed
rCold   . . .        (shield currently unavailable)
rNeg    . . .        (helmet restricted)
rPois   +            (no amulet)
rElec   .            y - +4 ring of slaying
rCorr   .            o - ring of poison resistance
SInv    +            s - ring of see invisible
Will    .....        (no ring)
Stlth   ++++         (no ring)
HPRegen 0.33/turn    (no ring)
MPRegen 0.16/turn    (no ring)
                     (no ring)

%: no passive effects
@: blade tentacles, studying Invocations
A: reduced hp, almost no armour, amphibious, 8 rings, camouflage 1, gelatinous
body 1, (nimble swimmer 1), tentacles
a: Begin Untransformation, Renounce Religion, Draw Escape, Draw Destruction,
Draw Summoning, Triple Draw


You were on level 1 of the Lair of Beasts.
You worshipped Nemelex Xobeh.
Nemelex Xobeh was most pleased with you.
You had blades for main tentacles.
You visited 3 branches of the dungeon, and saw 13 of its levels.

You collected 954 gold pieces.
You spent 312 gold pieces at shops.

Inventory:

Hand Weapons
 b - a +1 orcbow of draining
   (You took it off a centaur on level 8 of the Dungeon)
 j - a +1 short sword of venom
   (You took it off a kobold on level 7 of the Dungeon)
 w - a +2 trident of protection
   (You took it off an orc on level 3 of the Dungeon)
 x - a +0 dagger of protection
   (You took it off an orc on level 7 of the Dungeon)
 A - the +2 hand axe of the Tundras {freeze, rPois}
   (You found it on level 8 of the Dungeon)

   rPois:     It protects you from poison.
 C - a +1 short sword of draining
   (You found it on level 9 of the Dungeon)
 G - a +2 vampiric dagger
   (You took it off an orc wizard on level 9 of the Dungeon)
Missiles
 t - 7 boomerangs
 z - 23 poisoned darts (quivered)
 F - 6 curare-tipped darts
 Z - 3 throwing nets {=!f}
Armour
 i - a +0 buckler
   (You took it off a gnoll sergeant on level 10 of the Dungeon)
 E - an orb of light
   (You found it on level 9 of the Dungeon)
Magical Staves
 v - a staff of death
   (You found it on level 6 of the Dungeon)
Jewellery
 o - a ring of poison resistance (right blade tentacle)
   (You bought it in a shop on level 4 of the Dungeon)
 s - a ring of see invisible (on tentacle)
   (You found it on level 8 of the Dungeon)
 y - a +4 ring of slaying (left blade tentacle)
   (You found it on level 2 of the Dungeon)
Talismans
 k - a beast talisman
   (You found it on level 10 of the Dungeon)
 r - a blade talisman
   (You found it on level 9 of the Dungeon)
Wands
 a - a wand of light (3)
   (You found it on level 7 of the Dungeon)
 D - a wand of digging (13)
   (You found it on level 4 of the Dungeon)
 I - a wand of iceblast (2)
   (You took it off Lodul on level 10 of the Dungeon)
 P - a wand of paralysis (1)
   (You found it on level 2 of the Dungeon)
 V - a wand of flame (24)
   (You took it off a gnoll on level 8 of the Dungeon)
Scrolls
 c - a scroll of immolation
 h - a scroll of fog
 m - 3 scrolls of vulnerability
 p - 2 scrolls of poison
 q - 3 scrolls of amnesia
 u - 2 scrolls of noise {unknown}
 B - 3 scrolls of blinking
 T - 4 scrolls of teleportation
Potions
 d - a potion of enlightenment
 e - a potion of attraction
 g - a potion of heal wounds
 l - a potion of mutation
 n - a potion of might
 H - a potion of haste


   Skills:
 - Level 8.0 Fighting
 - Level 5.0 Dodging
 + Level 6.5 Stealth
 - Level 9.0 Unarmed Combat
 - Level 2.0 Spellcasting
 - Level 3.0 Conjurations
 - Level 1.0 Necromancy
 - Level 2.0 Translocations
 + Level 9.9 Invocations
 - Level 4.0 Evocations
 * Level 8.8 Shapeshifting


You had 8 spell levels left.
You knew the following spells:

 Your Spells              Type           Power      Damage    Failure   Level
a - Kiss of Death         Conj/Necr      32%        2d7       43%         1
b - Momentum Strike       Conj/Tloc      18%        3d8       47%         2
c - Sting                 Tmut/Pois      4%         1d3       63%         1
d - Ozocubu's Armour      Ice            1%         N/A       88%         3

Your spell library contained the following spells:

 Spells                   Type           Power      Damage    Failure   Level
 Poisonous Vapours        Pois/Air       2%         N/A       73%         2
 Hailstorm                Conj/Ice       6%         3d4       75%         3
 Vhi's Electric Charge    Tloc/Air       8%         N/A       80%         3
 Olgreb's Toxic Radiance  Pois           1%         N/A       99%         4
 Arcjolt                  Conj/Air       3%         1d13      100%        5
 Metabolic Englaciation   Hex/Ice        0%         N/A       100%        5
 Simulacrum               Ice/Necr       1%         N/A       100%        6
 Maxwell's Capacitive Co  Air            0%         ∞         100%        8


Dungeon Overview and Level Annotations

Branches:
Dungeon (11/15) Zot: 26494  Temple (1/1) D:5 Zot: 5998    Lair (1/5) D:9 Zot: 5769
    Orc (0/2) D:9

Altars:
Ashenzari
Cheibriados
Dithmenos
Elyvilon
Fedhas
Gozag
Hepliaklqana
Kikubaaqudgha
Makhleb
Nemelex Xobeh
Okawaru
Qazlal
Ru
Sif Muna
Trog
Uskayaw
Vehumet
Wu Jian
Xom
Yredelemnul
Zin
The Shining One

Shops:
D:1 [   D:3 *   D:4 *   D:6 (


Innate Abilities, Weirdness & Mutations

You have blades for main tentacles.
Your maximum health is decreased, since you lack skill for your form.
Your spellcasting is less reliable in this form.
You are incapable of wielding weapons or throwing items.
You cannot wear most types of armour.
You are amphibious.
You can wear up to eight rings at the same time.
Your skin changes colour to match your surroundings (Stealth+).
Your rubbery body absorbs attacks. (AC +1, EV +1)
((You are camouflaged when in or above water. (Stealth+)))
You have tentacles for arms and can constrict up to eight enemies at once.


Message History

You kill the water moccasin!
A black bear comes into view.
The rime drake bites you.
You take 1 damage, and have 51/71 hp.
The rime drake completely misses you. The rime drake bites you.
You take 6 damage, and have 46/71 hp.
You slice the rime drake!!
The rime drake is severely wounded.
The rime drake bites you. The black bear misses you. x2
The black bear closely misses you.
You take 1 damage, and have 45/71 hp.
You closely miss the rime drake.
The rime drake is severely wounded.
The rime drake bites you.
You take 5 damage, and have 40/71 hp.
MP restored: 17 You slice the rime drake!!
You kill the rime drake!
The black bear misses you. The black bear closely misses you.
The black bear claws you.
You take 3 damage, and have 37/72 hp.
You slice the black bear!! You grab the black bear. You squeeze the black bear.
You kill the black bear!
A komodo dragon comes into view.
A yak comes into view.
You see here a rime drake corpse.
There is a staircase back to the Dungeon here.
A wyvern comes into view.
MP restored: 18 The komodo dragon hisses angrily.
You slice the komodo dragon!! You squeeze the komodo dragon!
The komodo dragon is heavily wounded.
The yak bellows!
You slash the komodo dragon! You squeeze the komodo dragon!
The komodo dragon is almost dead.
You hear a bellow!
The komodo dragon closely misses you.
A yak comes into view.
The yak bellows!
The wyvern hisses angrily.
You slash the komodo dragon!
You kill the komodo dragon!
Your Stealth skill increases to level 6!
You slice the wyvern!! You squeeze the wyvern!
You kill the wyvern!
A yak comes into view.
Okay, then.
Okay, then.
Okay, then.
A yak comes into view.
The yak bellows! x2
A yak comes into view.
You see here a rime drake corpse.
You slice the yak!! Your squeeze misses the yak.
The yak is severely wounded.
You closely miss the yak. You slash the yak! Your slash misses the yak.
You squeeze the yak!
The yak is heavily wounded.
You slash the yak!
The yak is almost dead.
The yak misses you. x2
You slash the yak!
You kill the yak!
The yak gores you. x2
You take 4 damage, and have 44/74 hp.
You slice the yak!!
You kill the yak!
You slash the yak!
The yak is moderately wounded.
The yak gores you!
You take 14 damage, and have 30/74 hp.
You hit the yak.
The yak is heavily wounded.
You hear the crackling of a distant melting archway.
The yak gores you!
* * * LOW HITPOINT WARNING * * *
The yak gores you.
* * * LOW HITPOINT WARNING * * *
You take 16 damage, and have 14/74 hp.
MASSIVE DAMAGE!!
You slash the yak! You slash the yak.
You kill the yak!
The yak barely misses you.
You have reached level 12!
MP restored: 19 You are too injured to fight recklessly!
You feel much better. The yak gores you. The yak misses you.
You regained 20 hp, and now have 35/79 hp.
You slash the yak! Your squeeze misses the yak.
The yak is moderately wounded.
The yak barely misses you. The yak closely misses you.
You slice the yak!!
The yak is almost dead.
You completely miss the yak.
The yak is almost dead.
The yak closely misses you. The yak gores you.
You take 5 damage, and have 31/79 hp.
You slice the yak!!
You kill the yak!
The yak barely misses you.
You barely miss the yak.
You feel a little less mighty now. The yak gores you!
* * * LOW HITPOINT WARNING * * *
You take 9 damage, and have 23/80 hp.
You slash the yak! You squeeze the yak!
The yak is severely wounded.
The yak gores you!
* * * LOW HITPOINT WARNING * * *
You take 11 damage, and have 12/80 hp.
You closely miss the yak.
The yak is severely wounded.
The yak misses you.
You slash the yak!
The yak is almost dead.
You slash the yak!
You kill the yak!
There is a staircase back to the Dungeon here.
You start resting.
You hear the crackling of a distant melting archway.
You regained 13 hp, and now have 27/80 hp.
You start resting.
You hear the steady crackling of a distant melting archway.
You regained 15 hp, and now have 43/80 hp.
You see here a basilisk skeleton.
Okay, then.
Found 14 stones.
A rime drake comes into view.
The rime drake hisses angrily.
The rime drake breathes ice at you. The icy flash freeze misses you.
A bullfrog comes into view.
The rime drake breathes ice at you. The icy flash freeze hits you!!
You are encased in ice.
You take 19 damage, and have 32/80 hp.
MASSIVE DAMAGE!!
The ice encasing you melts away. The rime drake barely misses you.
The rime drake bites you.
You take 4 damage, and have 31/80 hp.
You slash the rime drake! Your squeeze misses the rime drake.
The rime drake is moderately wounded.
You hit the rime drake. Your squeeze misses the rime drake.
The rime drake is heavily wounded.
The rime drake bites you.
You take 1 damage, and have 30/80 hp.
You hit the rime drake. Your squeeze misses the rime drake.
The rime drake is heavily wounded.
The rime drake breathes ice at you. The icy flash freeze hits you!!
You die...
Your body glows with a rainbow of weird colours and disappears.

,,,,...................P...,,,,,,
,,,,...................(P(..,,,,,
,,,,....................(.....,**
,,,,.....#...........P.........**
,,,,...........................**
,,,,,.F.^.....##...............,,
,,,,,,........###.......#.....#**
,,,,,,....#...###k...........#*
,,,,,,...###....@....†.......####
,,,,,,,..,*#.....................
*,,***,,,,#..............##.....#
*,,,,,,,............##.÷.#......#
,,,,,,,,...........###.†.††......
,,,,,,,,.#.........#*#..........#
,,,,,,,,*#.......#..##..†...<...#
,,,,,,,,*P.....###..#.....†.....#
,,,,,,,,,,,,,,.............#....#


You could see a rime drake (catching breath).

Vanquished Creatures
  A two-headed ogre (D:9)
  Joseph (D:7)
  A komodo dragon (Lair:1)
  A rime drake (Lair:1)
  2 kobold demonologists
  A troll (D:9)
  2 hornets
  9 yaks
  3 wyverns
  A basilisk (Lair:1)
  5 vampire mosquitoes
  2 steam dragons
  2 acid dragons
  8 water moccasins
  3 orc warriors
  4 black bears
  A swamp drake (D:9)
  7 ogres
  3 wolves (Lair:1)
  4 centaurs
  A phantom (D:7)
  7 kobold brigands
  10 bullfrogs
  2 gnoll sergeants (D:10)
  3 scorpions
  11 killer bees
  2 howler monkeys
  3 gnoll boudas
  4 hounds
  5 orc priests
  A sleepcap (D:6)
  3 iguanas
  10 orc wizards
  Terence (D:2)
  27 gnolls
  6 adders
  A white imp (D:7)
  3 ufetubi
  2 worms (D:2)
  4 dart slugs
  31 orcs
  4 endoplasms
  6 giant cockroaches
  6 hobgoblins
  24 kobolds
  5 quokkas
  8 ball pythons
  6 bats
  6 frilled lizards
  11 goblins
  5 rats
279 creatures vanquished.

Vanquished Creatures (collateral kills)
  A two-headed ogre (D:10)
  Lodul (D:10)
  A yak (D:10)
  4 ogres (D:10)
  4 killer bees (D:10)
11 creatures vanquished.

Grand Total: 290 creatures vanquished

Notes
Turn   | Place    | Note
-------+----------+-------------------------------------------
     0 | D:1      | mdonais the Octopode Reaver began the quest for the Orb.
     0 | D:1      | Reached XP level 1. HP: 14/14 MP: 3/3
    26 | D:1      | Reached skill level 1 in Stealth
    81 | D:1      | Found Nuetee's Armour Shoppe.
    94 | D:1      | Reached XP level 2. HP: 19/19 MP: 5/5
   603 | D:1      | Reached XP level 3. HP: 21/21 MP: 6/6
  1011 | D:2      | Found a sparkling altar of Nemelex Xobeh.
  1028 | D:2      | Became a worshipper of Nemelex Xobeh the Trickster
  1032 | D:2      | Learned a level 2 spell: Momentum Strike
  1163 | D:2      | Reached skill level 1 in Necromancy
  1331 | D:2      | Found a faded altar of an unknown god.
  1560 | D:2      | Reached XP level 4. HP: 4/30 MP: 4/7
  1788 | D:2      | Noticed Terence
  1800 | D:2      | Killed Terence
  1801 | D:2      | Reached skill level 1 in Translocations
  2052 | D:2      | Reached XP level 5. HP: 36/36 MP: 8/8
  2491 | D:3      | Found Kapru Dir's General Store.
  2497 | D:3      | Bought a scroll of poison for 48 gold pieces
  2751 | D:3      | Learned a level 1 spell: Sting
  2818 | D:3      | Reached XP level 6. HP: 31/44 MP: 9/9
  2998 | D:4      | Reached * piety under Nemelex Xobeh
  3012 | D:4      | Reached skill level 5 in Fighting
  3115 | D:4      | Noticed a black bear
  3313 | D:4      | Received a gift from Nemelex Xobeh
  3352 | D:4      | Killed a black bear
  3353 | D:4      | Reached XP level 7. HP: 44/51 MP: 10/10
  3750 | D:4      | Found Ugunec's Serpentskin Sales.
  3755 | D:4      | Reached skill level 5 in Stealth
  3755 | D:4      | Reached skill level 1 in Evocations
  3778 | D:4      | Bought 2 curare-tipped darts for 24 gold pieces
  3778 | D:4      | Bought a scroll of poison for 40 gold pieces
  3859 | D:5      | Entered Level 5 of the Dungeon
  3893 | D:5      | Found an opulent altar of Gozag.
  3900 | D:5      | Found a white marble altar of Elyvilon.
  4346 | D:5      | Reached XP level 8. HP: 57/57 MP: 11/11
  4478 | D:5      | Found a staircase to the Ecumenical Temple.
  4487 | Temple   | Entered the Ecumenical Temple
  4891 | D:4      | Bought a ring of poison resistance for 200 gold pieces
  5055 | D:6      | Reached ** piety under Nemelex Xobeh
  5150 | D:6      | Found Odghy's Weapon Shoppe.
  5210 | D:6      | Found a radiant altar of Vehumet.
  5246 | D:6      | Reached skill level 5 in Invocations
  6081 | D:7      | Noticed Joseph
  6290 | D:7      | Noticed a hornet
  6446 | D:7      | Killed a hornet
  6447 | D:7      | Reached XP level 9. HP: 64/64 MP: 10/13
  6476 | D:7      | Noticed a kobold demonologist
  6482 | D:7      | Killed a kobold demonologist
  6917 | D:7      | Reached skill level 5 in Dodging
  7061 | D:7      | Killed Joseph
  7236 | D:8      | Noticed a hornet
  7248 | D:8      | Killed a hornet
  7494 | D:8      | Reached skill level 5 in Unarmed Combat
  7990 | D:8      | Reached XP level 10. HP: 59/72 MP: 15/15
  8165 | D:8      | Reached *** piety under Nemelex Xobeh
  8340 | D:8      | Identified the +2 hand axe of the Tundras {freeze, rPois}
  8343 | D:8      | Identified a scroll of acquirement
  8344 | D:8      | Acquired a manual of Invocations
  8596 | D:9      | Received a gift from Nemelex Xobeh
  8852 | D:9      | Found a staircase to the Orcish Mines.
  9537 | D:9      | Noticed a two-headed ogre
  9548 | D:9      | Killed a two-headed ogre
 10118 | D:9      | Reached skill level 1 in Shapeshifting
 10565 | D:9      | Found a staircase to the Lair.
 10660 | D:9      | Received a gift from Nemelex Xobeh
 10751 | D:10     | Entered Level 10 of the Dungeon
 10790 | D:10     | Reached XP level 11. HP: 17/77 MP: 17/17
 11010 | D:9      | Learned a level 3 spell: Ozocubu's Armour
 11045 | D:10     | Noticed Lodul
 11088 | D:9      | Reached skill level 5 in Shapeshifting
 11294 | D:10     | Killed Lodul
 11838 | D:10     | Found a bloodstained altar of Trog.
 11884 | D:10     | Noticed a two-headed ogre
 11890 | D:10     | Killed a two-headed ogre
 12408 | D:10     | Reached **** piety under Nemelex Xobeh
 12943 | D:10     | Found a bloodstained altar of Trog.
 13500 | D:11     | Noticed a boulder beetle
 13785 | Lair:1   | Entered Level 1 of the Lair of Beasts
 13822 | Lair:1   | Received a gift from Nemelex Xobeh
 13907 | Lair:1   | Reached XP level 12. HP: 15/82 MP: 19/19
 14042 | Lair:1   | Killed from afar by a rime drake

Illustrated notes

Levels and vault maps discovered:
D:1:      ldierk_walled_garden, layout_basic, serial_shops, nicolae_shop_stone
D:2:      layout_basic, shapermc_ecumenical_altar_mp_urbaneastern, basic_altar,
          uniq_terence
D:3:      layout_rooms, serial_shops, shop, kennysheep_orc_chapel
D:4:      layout_cave_pods, grunt_ministairs_13, guppyfry_shop_venom
D:5:      layout_loops_ring, mainiacjoe_overflow_big_doors,
          lemuel_temple_firewalk_a, kennysheep_potato
D:6:      layout_basic, kennysheep_mini, serial_shops,
          nicolae_shop_window_shopping, serial_co_window_serial,
          co_window_paths_b, co_window_paths_a, co_window_of_opportunity_a,
          co_window_corner_a, co_window_of_opportunity_a, co_window_corner_ca,
          co_window_2corner, co_window_corner_cb, co_window_broadway_c,
          co_window_2corner, co_window_paths_e, glass_columns_c, glass_columns_b
D:7:      layout_rooms, uniq_joseph
D:8:      minmay_inner_zag, layout_cave_pools
D:9:      layout_stronghold, due_lair_maze_entry_diamond, erik_orc_1
D:10:     layout_cave_pools, trog_three_pillars_becter, uniq_lodul
D:11:     layout_rooms, gammafunk_ghost_spectres
Temple:   nicolae_temple_no_exploring_needed
Lair:1:   layout_hall_layers, portal_ice_cave_rime, lemuel_fruit_tree

Skill      XL: |  1  2  3  4  5  6  7  8  9 10 11 |
---------------+----------------------------------+-----
Stealth        | 2 3 4 5 6 |  6.5
Necromancy     | 1 |  1.0
Translocations | 1 2 |  2.0
Fighting       | 3 4 5 6 7 8 |  8.0
Evocations     | 2 4 |  4.0
Dodging        | 3 4 5 |  5.0
Invocations    | 3 5 7 9 |  9.9
Unarmed Combat | 6 9 |  9.0
Shapeshifting  | 4 8 |  8.8
Spellcasting   | |  2.0
Conjurations   | |  3.0

Action                     |  1- 3 |  4- 6 |  7- 9 | 10-12 || total
---------------------------+-------+-------+-------+-------++-------
  Melee: Unarmed           |    79 |     6 |       |   219 ||   304
         Constrict         |    22 |    15 |    26 |    49 ||   112
         Tentacles         |    12 |    15 |    26 |    66 ||   119
         Punch             |     4 |     2 |     4 |    15 ||    25
         Flail             |       |    29 |       |       ||    29
         Trident           |       |    56 |    86 |       ||   142
         Short sword       |       |       |    32 |    18 ||    50
         Dagger            |       |       |    12 |     4 ||    16
   Fire: Arbalest          |       |       |    54 |       ||    54
         Orcbow            |       |       |       |    66 ||    66
  Throw: Boomerang         |     4 |       |       |     2 ||     6
         Dart              |       |     1 |    10 |    43 ||    54
   Cast: Kiss of Death     |     1 |       |     1 |       ||     2
         Momentum Strike   |     1 |       |     9 |     5 ||    15
 Invoke: Draw Destruction  |       |       |     4 |     9 ||    13
         Draw Summoning    |       |       |     1 |     2 ||     3
         Draw Escape       |       |       |       |     3 ||     3
         Triple Draw       |       |       |       |     1 ||     1
  Evoke: Wand              |       |     1 |     8 |    10 ||    19
    Use: Scroll            |       |     9 |     2 |    15 ||    26
         Potion            |       |     2 |     1 |     5 ||     8
   Stab: Sleeping          |    12 |    14 |     4 |     4 ||    34
         Paralysed         |       |     3 |     7 |     1 ||    11
         Distracted        |       |       |     2 |       ||     2
 Armour: Skin              |    11 |    17 |    16 |     5 ||    49
  Dodge: Dodged            |    46 |    44 |    92 |   203 ||   385
   Form: Blade             |       |       |       |     2 ||     2
         Beast             |       |       |       |     1 ||     1

Table legend: (Time is in decaauts)
 A = Elapsed time spent in this place.
 B = Non-inter-level travel time spent in this place.
 C = Inter-level travel time spent in this place.
 D = Time resting spent in this place.
 E = Time spent auto-exploring this place.
 F = Levels seen in this place.
 G = Mean time per level.
                   A        B        C        D        E       F      G
               +--------+--------+--------+--------+--------+-----+--------+
         Total |  14123 |  13306 |    817 |   2073 |   8423 |  13 | 1086.4 |
       Dungeon |  13891 |  13074 |    817 |   1988 |   8423 |  11 | 1262.8 |
        Temple |      1 |      1 |      0 |      0 |      0 |   1 |    1.0 |
          Lair |    230 |    230 |      0 |     85 |      0 |   1 |  230.0 |
               +--------+--------+--------+--------+--------+-----+--------+

Top non-repeatable levels by time:
     D:9: 2807 daAuts
    D:10: 1917 daAuts
     D:8: 1382 daAuts
     D:2: 1297 daAuts
     D:6: 1272 daAuts
     D:7: 1209 daAuts
     D:1: 1010 daAuts
     D:5: 1005 daAuts
     D:4: 989 daAuts
     D:3: 700 daAuts
    D:11: 298 daAuts
  Lair:1: 230 daAuts
  Temple: 1 daAuts
